 Dungeon Crawl Stone Soup version 0.31-a0-161-gb58dd9be76 (webtiles) character file.

Game seed: 15223417827420147856

3087 qw the Skirmisher (level 9, -1/59 HPs)
             Began as a Gargoyle Hunter on June 12, 2023.
             Slain by a bullfrog (3 damage)
             ... on level 8 of the Dungeon.
             The game lasted 00:02:30 (6535 turns).

qw the Skirmisher (Gargoyle Hunter)                 Turns: 6535, Time: 00:02:30

Health: -1/59      AC: 17    Str: 15    XL:     9   Next: 89%
Magic:  9/9        EV: 18    Int: 10    God:
Gold:   413        SH:  5    Dex: 17    Spells: 8/8 levels left

rFire   . . .        Y - +0 orcbow
rCold   . . .        (shield currently unavailable)
rNeg    + + .        o - +2 leather armour of the Dwarven Hall {Rampage SInv}
rPois   inf          i - +1 helmet
rElec   +            (no cloak)
rCorr   .            (no gloves)
SInv    +            p - +2 pair of boots
Will    .....        g - amulet of reflection
Stlth   ++           d - +5 ring of evasion
HPRegen 0.29/turn    l - ring of positive energy
MPRegen 0.11/turn

%: reflection, rampage
@: about to teleport
A: sickness immunity, AC +6, negative energy resistance 1, electricity
resistance, torment resistance 1, petrification resistance
a: no special abilities


You were on level 8 of the Dungeon.
You visited 2 branches of the dungeon, and saw 9 of its levels.

You collected 413 gold pieces.


Innate Abilities, Weirdness & Mutations

You are immune to sickness and miasma.
Your stone body is resilient. (AC +6)
You are immune to poison.
You resist negative energy. (rN+)
You are resistant to electric shocks. (rElec)
You are resistant to unholy torment.
You are immune to petrification.


   Skills:
 - Level 8.2 Fighting
 + Level 11.1 Ranged Weapons
 - Level 3.0 Armour
 - Level 3.3 Dodging
 - Level 1.1 Stealth


You had 8 spell levels left.
You didn't know any spells.
Your spell library was empty.

Inventory:

Hand Weapons
 Y - a +0 orcbow (weapon)
Armour
 i - a +1 helmet (worn)
 m - a +2 robe of willpower
 n - +0 steam dragon scales
 o - the +2 leather armour of the Dwarven Hall (worn) {Rampage SInv}
   (You found it on level 6 of the Dungeon)

   SInv:      It lets you see invisible.
   Rampage:   It bestows one free step when moving towards enemies.
 p - a +2 pair of boots (worn)
Jewellery
 d - a +5 ring of evasion (left hand)
 g - an amulet of reflection (around neck)
 l - a ring of positive energy (right hand)
Scrolls
 a - 2 scrolls of teleportation
 e - a scroll of identify
Potions
 b - 3 potions of curing
 c - a potion of mutation
 h - a potion of enlightenment {unknown}
 j - a potion of heal wounds
 k - 2 potions of attraction
 q - a potion of lignification {unknown}

Dungeon Overview and Level Annotations

Branches:
Dungeon (8/15)             Temple (1/1) D:6
   Lair: D:8-11

Altars:
Ashenzari
Cheibriados
Dithmenos
Fedhas
Gozag
Hepliaklqana
Kikubaaqudgha
Nemelex Xobeh
Qazlal
Ru
Sif Muna
Trog
Uskayaw
Vehumet
Wu Jian
Xom
Yredelemnul
Zin
The Shining One

Annotations:
D:3 2 runed translucent doors, qw's ghost, amateur NaHu
D:4 2 transporters, qw's ghost, novice GrHu
D:6 2 transporters, qw's ghost, novice GrFi
D:7 1 runed translucent door, Crazy Yiuf


Message History

You shoot an arrow. The arrow completely misses the wight.
You hear a roar!
The bullfrog misses you. The bullfrog closely misses you.
You block the wight's attack. x2; The wight closely misses you.
You shoot an arrow. The arrow closely misses the wight. x2
The bullfrog misses you. You block the wight's attack.
An acid dragon comes into view.
The wight hits you but does no damage.
You shoot an arrow. The arrow closely misses the wight.
The bullfrog misses you. You block the bullfrog's attack.
You block the wight's attack. The wight hits you with a +5 battleaxe.
The wight barely misses you. The wight hits you but does no damage.
You shoot an arrow. The arrow hits the wight!
The wight is severely damaged.
You block the bullfrog's attack. The wight hits you but does no damage.
The wight misses you. x2; You block the wight's attack.
You shoot an arrow. The arrow hits the wight.
The wight is almost destroyed.
You block the bullfrog's attack. The bullfrog completely misses you.
The wight misses you. The wight barely misses you.
The wight hits you with a +5 hand axe! The wight misses you.
You shoot an arrow. The arrow hits the wight!
You destroy the wight!
The bullfrog closely misses you.
You shoot an arrow. The arrow barely misses the wight.
You block the bullfrog's attack. The wight closely misses you.
The wight misses you. The wight hits you with a +5 battleaxe.
The bullfrog misses you. You block the wight's attack. x2
The wight completely misses you.
You shoot an arrow. The arrow hits the wight.
The wight is moderately damaged.
The bullfrog misses you.
You shoot an arrow. The arrow closely misses the wight.
The wight hits you with a +1 hand axe. The wight hits you with a +0 falchion!
You block the bullfrog's attack. The wight hits you with a +5 battleaxe!
6535 ||| READING 3 scrolls of teleportation.
As you read the scroll of teleportation, it crumbles to dust.
You feel strangely unstable. The bullfrog hits you.
You die...

..........#
...........#
#...........
#..........#
.#........(.# .#
............#
..##
#....(.....#.....
........Fz......#
#.#....@).#.....
#.##...zz##.....
#.#.....##D.....
.
##....#..........
#.... #..###.####
#... #.## .#
...###.# .#
#..##.# .#
#..#..##


You could see an acid dragon, a bullfrog and 3 wights.

Vanquished Creatures
  A wyvern (D:6)
  2 steam dragons
  Menkaure (D:7)
  3 water moccasins (D:7)
  2 sky beasts
  2 ice beasts
  An ogre (D:5)
  2 centaurs
  A phantom (D:6)
  A kobold brigand (D:4)
  A bullfrog (D:7)
  A gnoll sergeant (D:6)
  5 scorpions
  6 wights
  3 howler monkeys
  3 jellies
  4 orc priests
  2 hounds (D:5)
  An iguana (D:5)
  3 sleepcaps
  An orc wizard (D:5)
  4 adders
  8 gnolls
  A white imp (D:7)
  A worm (D:2)
  16 orcs
  11 endoplasms
  2 giant cockroaches
  5 goblins
  7 hobgoblins
  16 kobolds
  A quokka (D:1)
  7 ball pythons
  7 bats
  4 frilled lizards
  2 rats
138 creatures vanquished.

Vanquished Creatures (others)
  A human (D:3)
  A kobold (D:4)
2 creatures vanquished.

Grand Total: 140 creatures vanquished

Notes
Turn   | Place    | Note
-------+----------+-------------------------------------------
     0 | D:1      | qw the Gargoyle Hunter began the quest for the Orb.
     0 | D:1      | Reached XP level 1. HP: 12/12 MP: 1/1
     0 | D:1      | 0 ||| qw: Version: 0.2-a-29-gc1b59c4
     0 | D:1      | 0 ||| qw: Game counter: 4278
     0 | D:1      | 0 ||| qw: Always use a shield: true
     0 | D:1      | 0 ||| qw: God list: Okawaru
     0 | D:1      | 0 ||| qw: Allow faded altars: false
     0 | D:1      | 0 ||| qw: Do Orc after D:15 true
     0 | D:1      | 0 ||| qw: Do second Lair branch before Depths: true
     0 | D:1      | 0 ||| qw: Lair rune preference: random
     0 | D:1      | 0 ||| qw: Plans: Normal, Zot:1-4, Slime:5, God:TSO, Crypt,
                  | Tomb, Abyss, Pan, Hells, Win
     0 | D:1      | 0 ||| PLANNING D:1-11
   283 | D:1      | Reached XP level 2. HP: 17/17 MP: 2/2
   310 | D:1      | HP: 4/17 [quokka (1)]
   312 | D:1      | HP: 1/17 [quokka (2)]
   318 | D:1      | HP: 1/17 [quokka (1)]
   571 | D:1      | Reached XP level 3. HP: 21/21 MP: 3/3
   622 | D:1      | 622 ||| UPGRADING to +2 robe of willpower.
   632 | D:1      | 632 ||| DROPPING +0 leather armour.
   633 | D:1      | 633 ||| READING scroll labelled APESTUA FOIBOU.
   634 | D:1      | 634 ||| READING scroll labelled WOKHLA ZUM ACE.
   639 | D:1      | 639 ||| READING scroll labelled KEIFISCHEI NEEN.
   640 | D:1      | 640 ||| READING scroll labelled JUSKAE JEOSIKAHI.
   641 | D:1      | 641 ||| READING scroll labelled ONNO GOIPROX.
   642 | D:1      | 642 ||| READING scroll labelled EDGHAL EGINATT.
   643 | D:1      | 643 ||| READING scroll labelled IMUCVAQUCU.
   644 | D:1      | 644 ||| DROPPING scroll of butterflies.
   676 | D:2      | Reached skill level 5 in Ranged Weapons
   908 | D:2      | 908 ||| READING scroll of enchant weapon.
   908 | D:2      | 908 ||| ENCHANTING +1 shortbow.
  1418 | D:2      | Found a faded altar of an unknown god.
  1511 | D:2      | Reached skill level 3 in Fighting
  1691 | D:2      | 1691 ||| UPGRADING to +5 ring of evasion.
  1692 | D:2      | 1692 ||| READING scroll labelled CUSINO KIUKAD.
  1747 | D:3      | Reached XP level 4. HP: 28/28 MP: 4/4
  1803 | D:3      | Found an ancient bone altar of Kikubaaqudgha.
  1905 | D:3      | Found a runed translucent door.
  1909 | D:3      | Noticed a bullfrog
  1913 | D:3      | Noticed qw's ghost (amateur NaHu)
  1976 | D:3      | Noticed a human
  1977 | D:3      | Killed a human
  2047 | D:3      | Found a runed translucent door.
  2230 | D:3      | 2230 ||| READING 2 scrolls labelled OMEVIG HIQONOK.
  2231 | D:3      | 2231 ||| READING scroll labelled FUYMACOROLAM.
  2332 | D:3      | 2332 ||| DRINKING 4 orange potions.
  2565 | D:4      | 2565 ||| UPGRADING to amulet of reflection.
  2570 | D:4      | 2570 ||| DRINKING 3 smoky dark potions.
  2575 | D:4      | Noticed a kobold brigand
  2589 | D:4      | Killed a kobold brigand
  2590 | D:4      | Reached skill level 6 in Ranged Weapons
  2590 | D:4      | Reached XP level 5. HP: 32/32 MP: 5/5
  2602 | D:4      | Found a shimmering blue altar of Sif Muna.
  2625 | D:4      | Reached XP level 6. HP: 38/38 MP: 6/6
  2797 | D:4      | 2797 ||| DROPPING 2 potions of invisibility.
  3187 | D:4      | Found a sparkling altar of Nemelex Xobeh.
  3196 | D:4      | Found a hide-covered altar of Uskayaw.
  3348 | D:4      | Identified the +2 dire flail "Jairioss" {speed, rF+ Str+3}
  3349 | D:4      | Noticed qw's ghost (novice GrHu)
  3350 | D:4      | Found a transporter.
  3355 | D:4      | Found a transporter.
  3381 | D:4      | 3381 ||| READING 2 scrolls of identify.
  3381 | D:4      | 3381 ||| IDENTIFYING green potion
  3393 | D:5      | Entered Level 5 of the Dungeon
  3479 | D:5      | Reached skill level 7 in Ranged Weapons
  3499 | D:5      | Noticed an ice beast
  3516 | D:5      | Killed an ice beast
  3517 | D:5      | Reached XP level 7. HP: 13/43 MP: 7/7
  3518 | D:5      | HP: 5/43 [iguana (8)]
  3519 | D:5      | 3519 ||| READING 3 scrolls of teleportation.
  3702 | D:5      | Reached skill level 8 in Ranged Weapons
  3983 | D:5      | Reached XP level 8. HP: 49/49 MP: 8/8
  4212 | D:5      | 4212 ||| DRINKING 2 grey potions.
  4213 | D:5      | 4213 ||| DRINKING 3 amethyst potions.
  4218 | D:6      | Found a staircase to the Ecumenical Temple.
  4219 | D:6      | 4219 ||| PLANNING TEMPLE
  4219 | D:6      | 4219 ||| STAIRDANCE
  4223 | D:6      | 4223 ||| STAIRDANCE
  4227 | D:6      | 4227 ||| STAIRDANCE
  4243 | D:5      | Reached skill level 9 in Ranged Weapons
  4298 | D:5      | 4298 ||| SWAPPING to +0 orcbow.
  4299 | D:5      | 4299 ||| DROPPING +2 shortbow.
  4326 | Temple   | Entered the Ecumenical Temple
  4489 | Temple   | 4489 ||| PLANNING D:1-11
  4615 | D:6      | Reached skill level 6 in Fighting
  4631 | D:6      | Noticed a wyvern
  4637 | D:6      | Killed a wyvern
  4719 | D:6      | Reached skill level 10 in Ranged Weapons
  4810 | D:6      | Found a transporter.
  4815 | D:6      | Noticed a manticore
  4822 | D:6      | Noticed qw's ghost (novice GrFi)
  4832 | D:6      | Found a transporter.
  4867 | D:6      | 4867 ||| Stepping ~*~*~tactically~*~*~ (outnumbered).
  4906 | D:6      | Reached skill level 3 in Dodging
  4906 | D:6      | Reached XP level 9. HP: 25/55 MP: 9/9
  5214 | D:6      | 5214 ||| Stepping ~*~*~tactically~*~*~ (cloud).
  5302 | D:6      | Identified the +2 leather armour of the Dwarven Hall
                  | {Rampage SInv}
  5530 | D:6      | 5530 ||| UPGRADING to +2 leather armour of the Dwarven Hall
                  | {Rampage SInv}.
  5540 | D:6      | 5540 ||| UPGRADING to +0 pair of boots.
  5545 | D:6      | 5545 ||| READING 3 scrolls of enchant armour.
  5545 | D:6      | 5545 ||| ENCHANTING +0 pair of boots.
  5546 | D:6      | 5546 ||| READING 2 scrolls of enchant armour.
  5546 | D:6      | 5546 ||| ENCHANTING +1 pair of boots.
  5547 | D:6      | 5547 ||| READING scroll labelled ZOXTAG RIFESM.
  5625 | D:7      | Reached skill level 1 in Armour
  5954 | D:7      | Reached skill level 11 in Ranged Weapons
  6056 | D:7      | Found a radiant altar of Vehumet.
  6057 | D:7      | Noticed Menkaure
  6064 | D:7      | Killed Menkaure
  6165 | D:7      | Found a runed translucent door.
  6166 | D:7      | Noticed Crazy Yiuf
  6224 | D:7      | Found a bloodstained altar of Trog.
  6433 | D:7      | 6433 ||| UPGRADING to +0 helmet.
  6438 | D:7      | 6438 ||| READING scroll of enchant armour.
  6438 | D:7      | 6438 ||| ENCHANTING +0 helmet.
  6439 | D:7      | 6439 ||| UPGRADING to ring of positive energy.
  6512 | D:8      | 6512 ||| Stepping ~*~*~tactically~*~*~ (cloud).
  6519 | D:8      | Reached skill level 3 in Armour
  6534 | D:8      | HP: 8/59 [wight/+0 falchion (7)]
  6534 | D:8      | HP: 1/59 [wight/+5 battleaxe (7)]
  6535 | D:8      | 6535 ||| READING 3 scrolls of teleportation.
  6535 | D:8      | Slain by a bullfrog

Levels and vault maps discovered:
D:1:      lightli_arrival_lavapool, layout_basic
D:2:      layout_basic, dilly_ecumenical_altar_fadedgnrine
D:3:      layout_basic, tgw_kikubaaqudgha, ebering_ghost_sewer_f,
          eino_tiny_chamber, minmay_misc_feat_columns
D:4:      cheibrodos_thug_alley, layout_loops_corners, minitemple,
          nicolae_sif_muna_condensation, gammafunk_ghost_smash
D:5:      layout_basic
D:6:      layout_cave_pods, minmay_temple_entry_statues_fountains,
          gammafunk_ghost_arena, st_stairs_13, kennysheep_nub, hex_medium
D:7:      layout_basic, nicolae_vehumet_radiance, bloody_trog, uniq_menkaure,
          uniq_crazy_yiuf_cottage
D:8:      layout_rooms, lemuel_coloured_pillars_altar, minmay_shattered_shrine,
          uniq_joseph
Temple:   nicolae_temple_bog_church

Skill      XL: |  1  2  3  4  5  6  7  8  9 |
---------------+----------------------------+-----
Ranged Weapons | 5 6 7 8 10 11 | 11.1
Fighting       | 3 4 5 6 8 |  8.2
Dodging        | 2 3 |  3.3
Armour         | 3 |  3.0
Stealth        | |  1.1

Action                     |  1- 3 |  4- 6 |  7- 9 || total
---------------------------+-------+-------+-------++-------
   Fire: Shortbow          |   130 |   131 |    70 ||   331
         Orcbow            |       |       |   233 ||   233
    Use: Scroll            |     9 |     3 |     6 ||    18
         Potion            |       |     2 |     2 ||     4
 Armour: Leather armour    |    12 |       |    10 ||    22
         Robe              |     6 |     8 |    19 ||    33
  Dodge: Dodged            |    43 |    28 |   131 ||   202
  Block: Other             |       |     8 |    51 ||    59
         Reflection        |       |       |     1 ||     1

Table legend:
 A = Non-vault XP
 B = Vault XP
 C = Vault XP percentage of total XP
 D = Non-vault monster count
 E = Vault monster count
 F = Vault count percentage of total count
                 A         B        C        D         E       F
            +---------+---------+-------+---------+---------+-------
      Total |    4089 |     321 |   7.3 |     128 |      10 |   7.2
            +---------+---------+-------+---------+---------+-------
        D:1 |      38 |       0 |   0.0 |      24 |       0 |   0.0
        D:2 |      32 |       0 |   0.0 |      11 |       0 |   0.0
        D:3 |      55 |       0 |   0.0 |      20 |       0 |   0.0
        D:4 |     143 |     111 |  43.7 |      13 |       8 |  38.1
        D:5 |    1188 |       0 |   0.0 |      22 |       0 |   0.0
        D:6 |    1302 |      38 |   2.8 |      22 |       1 |   4.3
        D:7 |    1067 |     172 |  13.9 |      14 |       1 |   6.7
        D:8 |     264 |       0 |   0.0 |       2 |       0 |   0.0
            +---------+---------+-------+---------+---------+-------
